 Dungeon Crawl Stone Soup version 0.17.1-1-g73c8601 (webtiles) character file.

2248 JustSomeDude the Covert (level 9, -10/44 HPs)
             Began as a Spriggan Assassin on Dec 16, 2015.
             Killed by divine providence
             ... invoked by an orc priest
              (15 damage)
             ... on level 7 of the Dungeon.
             The game lasted 00:38:28 (5701 turns).

JustSomeDude the Covert (Spriggan Assassin)         Turns: 5701, Time: 00:38:28

Health: -10/44     AC:  7    Str:  8    XL:     9   Next: 15%
Magic:  10/10      EV: 28    Int: 12    God:
Gold:   341        SH:  0    Dex: 20    Spells: 0 memorised, 8 levels left

rFire  . . .     SeeInvis +     w - +2 dagger (venom)
rCold  . . .     Clarity  .     z - +0 steam dragon armour
rNeg   . . .     SustAt   .     (shield restricted)
rPois  .         Gourm    .     c - +1 hat
rElec  .         Spirit   .     d - +0 cloak
rCorr  .         Warding  .     (gloves unavailable)
rMut   .         Stasis   +     (boots unavailable)
MR     +....                    y - amulet of stasis
Stlth  ++++++....               G - +3 ring of evasion
                                j - ring of see invisible

@: very quick, somewhat resistant to hostile enchantments, very stealthy
A: unfitting armour, see invisible, herbivore 3, speed 3, slow metabolism 2
a: no special abilities


You were on level 7 of the Dungeon.
You were not hungry.

You visited 2 branches of the dungeon, and saw 8 of its levels.

You collected 341 gold pieces.

Inventory:

Hand Weapons
 b - a +0 blowgun
 v - a +0 shortbow
 w - a +2 dagger of venom (weapon)
Missiles
 e - 11 poisoned needles (quivered)
 A - 22 arrows
 E - 20 poisoned arrows
Armour
 c - a +1 hat (worn)
 d - a +0 cloak (worn)
 z - a +0 steam dragon armour (worn)
Jewellery
 h - a +5 ring of intelligence
 i - an uncursed ring of protection from fire
 j - a ring of see invisible (left hand)
 y - an amulet of stasis (around neck)
 G - a +3 ring of evasion (right hand)
Scrolls
 f - 2 scrolls of enchant armour {unknown}
 l - 6 scrolls of teleportation
 m - a scroll of amnesia
 p - a scroll of remove curse
 q - 3 scrolls of identify
 u - a scroll of enchant weapon {unknown}
Potions
 k - 2 potions of might {unknown}
 n - 3 potions of haste
 s - 2 potions of mutation {unknown}
 t - a potion of flight
 x - a potion of ambrosia {unknown}
 C - a potion of lignification {unknown}
 F - 2 potions of cure mutation {unknown}
Books
 a - a Necronomicon

   Spells                             Type                      Level
   a - Haunt                          Necromancy/Summoning         7
   b - Borgnjor's Revivification      Necromancy                   8
   c - Death's Door                   Charms/Necromancy            8
   d - Necromutation                  Transmutation/Necromancy     8
 H - a Fen Folio

   Spells                             Type                      Level
   a - Corpse Rot                     Necromancy                   2
   b - Stone Arrow                    Conjuration/Earth            3
   c - Leda's Liquefaction            Hexes/Earth                  4
   d - Summon Forest                  Summoning/Translocation      5
   e - Hydra Form                     Transmutation                6
   f - Summon Hydra                   Summoning                    7
Comestibles
 g - 2 bread rations
 o - a royal jelly
 B - a slice of pizza
 D - 2 fruits


   Skills:
 + Level 3.5 Fighting
 * Level 6.4 Short Blades
 + Level 1.3 Bows
 + Level 4.4 Throwing
 + Level 8.2 Dodging
 + Level 12.2 Stealth


You had 8 spell levels left.
You didn't know any spells.

Dungeon Overview and Level Annotations

Branches:
Dungeon (7/15)             Temple (1/1) D:5

Altars:
Cheibriados
Fedhas
Gozag
Kikubaaqudgha
Nemelex Xobeh
Okawaru
Qazlal
Ru
Sif Muna
Trog
Xom
Yredelemnul
The Shining One

Annotations:
D:5 Menkaure


Innate Abilities, Weirdness & Mutations

You are tiny and cannot use many weapons and most armour.
You have supernaturally acute eyesight.
You are a herbivore.
You cover ground extremely quickly.
You need consume almost no food.


Message History

The orc priest mumbles some strange prayers to Beogh against you.
Something smites you!
* * * LOW HITPOINT WARNING * * *
The orc hits you but does no damage.
There are monsters nearby!
You feel better. The orc hits you but does no damage.
The crimson imp barely misses you. The orc priest completely misses you.
Unknown command.
Drink which item? (? for menu, Esc to quit)
You can't drink that!
Sorry, you're not good enough to have a special ability.
You feel better. The orc completely misses you. The orc completely misses you.
The orc priest mumbles some strange prayers to Beogh against you.
Something smites you!
* * * LOW HITPOINT WARNING * * *
The crimson imp completely misses you.
The crimson imp blinks!
The orc priest calls down the wrath of Beogh upon you.
Something smites you!
You die...

####### #.....#
#####.<...#########
.......ooo@....... .#
.((...a†...##..### .#
........§......# .#
......Y........####.#####
.....######.#)...........
...5. #....##..##### ...#
####.##..# #.# #.##..# #.
#.##..########


You could see an ice beast, a worker ant, an orc priest, a crimson imp and 2
orcs.

Vanquished Creatures
  Eustachio (D:5)
  A hippogriff (D:7)
  A steam dragon (D:7)
  2 orc warriors (D:6)
  An ice beast (D:6)
  2 ogres
  A black bear (D:5)
  2 centaurs (D:5)
  4 big kobolds (D:4)
  2 giant frogs (D:6)
  2 crimson imps
  A giant frog zombie (D:5)
  A hound (D:7)
  A gnoll shaman (D:5)
  An orc priest (D:5)
  A centaur skeleton (D:6)
  A giant frog skeleton (D:5)
  5 iguanas
  2 orc wizards (D:4)
  4 worker ants
  An adder (D:4)
  9 gnolls
  An ooze (D:1)
  A worm (D:2)
  A giant gecko (D:1)
  17 orcs
  2 ball pythons
  4 bats (D:1)
  2 giant cockroaches
  8 goblins
  4 hobgoblins
  3 jackals (D:2)
  42 kobolds
  A quokka (D:4)
  A giant gecko zombie (D:5)
  4 giant newts
  3 quokka skeletons
  6 rats
146 creatures vanquished.

Notes
Turn   | Place    | Note
--------------------------------------------------------------
     0 | D:1      | JustSomeDude the Spriggan Assassin began the quest for the Orb.
     0 | D:1      | Reached XP level 1. HP: 10/10 MP: 2/2
    94 | D:1      | Reached skill level 6 in Stealth
   265 | D:1      | Reached XP level 2. HP: 15/15 MP: 3/3
   630 | D:2      | Reached XP level 3. HP: 18/18 MP: 4/4
   923 | D:2      | Reached skill level 7 in Stealth
   930 | D:2      | Found a stormy altar of Qazlal.
  1364 | D:3      | You fall through a shaft for 2 floors!
  1364 | D:5      | Entered Level 5 of the Dungeon
  1364 | D:5      | Noticed Menkaure
  1374 | D:5      | Found a staircase to the Ecumenical Temple.
  1706 | D:4      | Noticed an ogre
  1731 | D:4      | Killed an ogre
  1731 | D:4      | Reached skill level 8 in Stealth
  1731 | D:4      | Reached XP level 4. HP: 23/23 MP: 5/5
  1731 | D:4      | Reached XP level 5. HP: 26/26 MP: 6/6
  2475 | D:4      | Reached XP level 6. HP: 20/31 MP: 7/7
  2657 | D:4      | Reached skill level 9 in Stealth
  2993 | D:4      | Noticed a big kobold
  3007 | D:4      | Killed a big kobold
  3033 | D:4      | Noticed a big kobold
  3033 | D:4      | Noticed a big kobold
  3033 | D:4      | Noticed a big kobold
  3116 | D:4      | Killed a big kobold
  3260 | D:4      | Killed a big kobold
  3260 | D:4      | Reached XP level 7. HP: 25/35 MP: 8/8
  3314 | D:4      | Killed a big kobold
  3712 | D:5      | Noticed Eustachio
  3761 | D:5      | Noticed a black bear
  3782 | D:5      | Killed a black bear
  3782 | D:5      | Reached skill level 5 in Dodging
  3782 | D:5      | Reached skill level 10 in Stealth
  3994 | Temple   | Entered the Ecumenical Temple
  4142 | D:5      | Noticed a centaur
  4150 | D:5      | Killed a centaur
  4242 | D:5      | Reached XP level 8. HP: 31/39 MP: 9/9
  4704 | D:5      | Noticed a centaur
  4714 | D:5      | Killed a centaur
  4787 | D:5      | Killed Eustachio
  4787 | D:5      | Reached skill level 5 in Short Blades
  4965 | D:5      | Reached skill level 11 in Stealth
  4982 | D:5      | You fall through a shaft!
  5009 | D:6      | Reached skill level 1 in Bows
  5660 | D:7      | Reached skill level 12 in Stealth
  5660 | D:7      | Reached XP level 9. HP: 37/44 MP: 10/10
  5696 | D:7      | HP: 2/44 [orc priest/divine providence (17)]
  5701 | D:7      | Killed from afar by an orc priest

Action                   |  1- 3 |  4- 6 |  7- 9 || total
-------------------------+-------+-------+-------++-------
Melee: Dagger            |    86 |   120 |   240 ||   446
 Fire: Blowgun           |    14 |    39 |     8 ||    61
       Shortbow          |       |       |    12 ||    12
  Use: Scroll            |     2 |     5 |       ||     7
       Potion            |     2 |     3 |     2 ||     7
 Stab: Sleeping          |    16 |    14 |    18 ||    48
       Distracted        |       |     1 |     2 ||     3
  Eat: Bread ration      |       |       |     1 ||     1
